AoeStats
← tobesch

Arabia

508736601Analyzed
1v1 RM · 9d ago on Sep 23, 2026· 88m 9s· 2 players
Game mode
Random Map
Map size
Tiny (2 player)
Population
200
Speed
Normal
Resources
Standard
Victory
Conquest
Starting age
Dark Age
Ending age
Imperial Age
RankedLock teamsTeams togetherTeam positionsShared explorationLock speedFull tech treeHidden civsTurbo modeCheats
Victory
Defeat
🇩🇪 Magyars · Germany
1032
+16
🇭🇰 Wei · Hong Kong SAR China
1030
-16
Gilbert builds a Blacksmith
7:01 Loom
9:54 Feudal Age
10:23 Double-Bit Axe
12:17 Horse Collar
14:13 Town Watch
17:07 Wheelbarrow
20:44 Castle Age
18:57 Gold Mining
22:16 Bow Saw
22:22 Husbandry
23:18 Heavy Plow
23:20 Pikeman
25:14 Squires
29:29 Bloodlines
29:53 Hand Cart
31:50 Fervor
31:45 Fletching
31:56 Padded Archer Armor
32:53 Town Patrol
33:10 Bodkin Arrow
36:08 Imperial Age
34:23 Scale Mail Armor
34:38 Leather Archer Armor
35:04 Tuntian
36:31 Gold Shaft Mining
35:49 Stone Mining
36:30 Ballistics
36:06 Murder Holes
36:54 Bracer
38:04 Chemistry
37:40 Masonry
38:03 Ring Archer Armor
37:43 Arson
38:18 Chain Mail Armor
38:16 Light Cavalry
39:23 Illumination
39:15 Block Printing
39:45 Forging
40:26 Stone Shaft Mining
40:07 Thumb Ring
40:21 Scale Barding Armor
39:55 Halberdier
41:17 Parthian Tactics
42:42 Conscription
42:43 Guard Tower
43:59 Hoardings
44:11 Chain Barding Armor
45:31 Ming Guang Armor
45:32 Sanctity
47:36 Iron Casting
47:39 Crop Rotation
47:49 Theocracy
53:01 Blast Furnace
53:23 Elite Skirmisher
54:53 Devotion
56:22 Capped Ram
58:09 Elite Tiger Cavalry
61:19 Siege Ram
65:35 Hussar
tobesch
7:52 Loom
10:30 Feudal Age
11:01 Horse Collar
11:08 Double-Bit Axe
21:00 Castle Age
20:07 Bloodlines
20:04 Scale Barding Armor
21:35 Wheelbarrow
21:56 Light Cavalry
22:58 Bow Saw
22:56 Heavy Plow
23:50 Pikeman
25:22 Fletching
27:46 Husbandry
28:06 Hand Cart
29:54 Bodkin Arrow
30:00 Padded Archer Armor
30:37 Town Watch
31:05 Thumb Ring
32:05 Ballistics
36:51 Imperial Age
36:26 Corvinian Army
37:40 Bracer
37:57 Leather Archer Armor
38:44 Chemistry
38:30 Parthian Tactics
38:52 Conscription
39:08 Heavy Cavalry Archer
41:11 Ring Archer Armor
42:06 Two-Man Saw
41:39 Crop Rotation
42:16 Recurve Bow
45:11 Elite Magyar Huszar
47:02 Chain Barding Armor
46:43 Scale Mail Armor
47:35 Siege Engineers
49:29 Plate Barding Armor
53:18 Elite Skirmisher
54:01 Treadmill Crane
54:31 Masonry
55:04 Halberdier
58:30 Chain Mail Armor
64:21 Hoardings
63:44 Murder Holes
73:22 Town Patrol
84:53 Hussar
Connection lost

Rejoining the realm…

Still unreachable

The connection could not be restored.

Session expired

The server has moved on; the page needs a fresh start.